[Event "Mitropa Cup Women 2024"]
[Site "Apolda"]
[Date "2024.02.15"]
[Round "1.17"]
[White "Urh, Zala"]
[Black "Novosadova, Kristyna"]
[Result "0-1"]
[ECO "A57"]
[WhiteElo "2290"]
[BlackElo "2188"]
[Annotator "NA RC"]
[PlyCount "70"]
[EventDate "2024.02.15"]
[EventType "team-tourn"]
[EventCountry "GER"]
[SourceTitle "playchess.com"]
[Source "ChessBase"]
[SourceQuality "1"]
[WhiteTeam "Slovenia"]
[BlackTeam "Czech Republic"]
[WhiteTeamCountry "SLO"]
[BlackTeamCountry "CZE"]
[TimeControl "40/5400+30:1800+30"]

1. d4 Nf6 2. c4 c5 3. d5 b5 4. cxb5 a6 5. e3 g6 6. Nc3 Bg7 7. Nf3 O-O 8. a4 d6 9. bxa6 Nxa6 10. Bc4 Nb4 11. O-O Bf5 12. Bd2 Bc2 13. Qe2 Nd7 14. e4 f5 15. Ng5 Ne5 16. Bb5 Qc8 17. f4 Bd3 18. Bxd3 Nexd3 19. Ne6 Bd4+ 20. Be3 Bxe3+ 21. Qxe3 c4 22. Qh3 Rf6 23. Rf3 Rxe6 24. dxe6 Qc5+ 25. Kf1 fxe4 26. Nxe4 Qd4 27. Ng5 h5 28. Rb1 Rxa4 29. Qg3 c3 30. Nf7 c2 31. Qxg6+ Kf8 32. Re1 Nxe1 33. Ne5 Qg1+ 34. Kxg1 Nxf3+ 35. Kf2 Nxe5 0-1

[Event "Mitropa Cup Women 2024"]
[Site "Apolda"]
[Date "2024.02.15"]
[Round "1.18"]
[White "Koubova, Anna Marie"]
[Black "Shpanko, Nadiia"]
[Result "1-0"]
[ECO "A17"]
[WhiteElo "2100"]
[BlackElo "2179"]
[Annotator "NA RC"]
[PlyCount "67"]
[EventDate "2024.02.15"]
[EventType "team-tourn"]
[EventCountry "GER"]
[SourceTitle "playchess.com"]
[Source "ChessBase"]
[SourceQuality "1"]
[WhiteTeam "Czech Republic"]
[BlackTeam "Slovenia"]
[WhiteTeamCountry "CZE"]
[BlackTeamCountry "SLO"]
[TimeControl "40/5400+30:1800+30"]

1. Nf3 d5 2. e3 Nf6 3. c4 e6 4. Nc3 a6 5. b3 c5 6. cxd5 exd5 7. d4 Nc6 8. Be2 cxd4 9. Nxd4 Bb4 10. Bb2 Ne4 11. Rc1 Qa5 12. Nxc6 bxc6 13. Qd4 O-O 14. O-O Nxc3 15. Rxc3 f6 16. Rxc6 Bd7 17. Rxa6 Rxa6 18. Bxa6 Qxa6 19. Qxb4 Qxa2 20. Bd4 Bf5 21. Ra1 Qc2 22. Qb7 Be6 23. h3 Qc8 24. Ra7 Qxb7 25. Rxb7 Rc8 26. b4 Rc1+ 27. Kh2 Bc8 28. Rb8 Kf7 29. b5 Bd7 30. b6 Rb1 31. Rb7 Ke6 32. Rc7 h5 33. Bc5 Bb5 34. b7 1-0

[Event "Mitropa Cup Women 2024"]
[Site "Apolda"]
[Date "2024.02.15"]
[Round "1.19"]
[White "Vidic, Teja"]
[Black "Lhotska, Anna"]
[Result "0-1"]
[ECO "B51"]
[WhiteElo "2132"]
[BlackElo "2053"]
[Annotator "NA RC"]
[PlyCount "80"]
[EventDate "2024.02.15"]
[EventType "team-tourn"]
[EventCountry "GER"]
[SourceTitle "playchess.com"]
[Source "ChessBase"]
[SourceQuality "1"]
[WhiteTeam "Slovenia"]
[BlackTeam "Czech Republic"]
[WhiteTeamCountry "SLO"]
[BlackTeamCountry "CZE"]
[TimeControl "40/5400+30:1800+30"]

1. e4 c5 2. Nf3 d6 3. Bb5+ Nd7 4. O-O a6 5. Bd3 Ngf6 6. c3 e6 7. Bc2 b5 8. d4 Qc7 9. a4 b4 10. Re1 Be7 11. e5 dxe5 12. dxe5 Nd5 13. c4 N5b6 14. Qd3 Bb7 15. a5 Nc8 16. Bf4 Na7 17. Nbd2 O-O-O 18. Ne4 Kb8 19. Qe3 Ba8 20. Nfg5 Rdf8 21. Nd6 Bxg5 22. Bxg5 Nc6 23. Rad1 h6 24. Bh4 g5 25. Bg3 h5 26. Qxg5 h4 27. Bxh4 Rfg8 28. Qf4 Nd4 29. Be4 Bxe4 30. Rxe4 Rxh4 31. Qxf7 Rf8 32. Qg7 Rxe4 33. Nxe4 Qd8 34. Nxc5 Nxc5 35. Rxd4 Qxd4 36. Qxf8+ Kc7 37. Qe7+ Nd7 38. h4 Qxb2 39. Qxe6 Qa1+ 40. Kh2 Qxe5+ 0-1

[Event "Mitropa Cup Women 2024"]
[Site "Apolda"]
[Date "2024.02.15"]
[Round "1.20"]
[White "Rybackova, Lucie"]
[Black "Mihelic, Vesna"]
[Result "1/2-1/2"]
[ECO "E06"]
[WhiteElo "1970"]
[BlackElo "2112"]
[Annotator "NA RC"]
[PlyCount "109"]
[EventDate "2024.02.15"]
[EventType "team-tourn"]
[EventCountry "GER"]
[SourceTitle "playchess.com"]
[Source "ChessBase"]
[SourceQuality "1"]
[WhiteTeam "Czech Republic"]
[BlackTeam "Slovenia"]
[WhiteTeamCountry "CZE"]
[BlackTeamCountry "SLO"]
[TimeControl "40/5400+30:1800+30"]

1. d4 d5 2. Nf3 Nf6 3. g3 e6 4. Bg2 c5 5. O-O Nc6 6. c4 Be7 7. cxd5 Nxd5 8. dxc5 O-O 9. a3 Bxc5 10. e4 Nde7 11. b4 Bd4 12. Nxd4 Nxd4 13. e5 Nec6 14. Be3 a5 15. bxa5 Rxa5 16. f4 f6 17. Bxc6 Nxc6 18. Qxd8 Nxd8 19. exf6 gxf6 20. Nc3 Nc6 21. Bb6 Ra6 22. Bc5 Rd8 23. Rfd1 Kg7 24. Rxd8 Nxd8 25. Rd1 Nc6 26. Ne4 Ra5 27. Bb4 Ra4 28. Nd6 Nxb4 29. axb4 Bd7 30. Nf5+ exf5 31. Rxd7+ Kg6 32. Rxb7 Ra2 33. b5 Rb2 34. b6 h6 35. Kh1 h5 36. Kg1 h4 37. gxh4 Kh5 38. Rb8 Kg4 39. Kf1 Kxf4 40. b7 Kf3 41. Ke1 f4 42. h5 Re2+ 43. Kd1 Re7 44. h6 Kf2 45. Kd2 f3 46. Kd3 Kf1 47. Rf8 Rxb7 48. Rxf6 f2 49. Ke3 Rb3+ 50. Kf4 Kg2 51. Kg4 f1=Q 52. Rxf1 Kxf1 53. h7 Rb8 54. Kg5 Kg2 55. Kg6 1/2-1/2

[Event "Mitropa Cup Women 2024"]
[Site "Apolda"]
[Date "2024.02.16"]
[Round "2.1"]
[White "Polterauer, Chiara"]
[Black "Heinemann, Josefine"]
[Result "1/2-1/2"]
[ECO "B90"]
[WhiteElo "2189"]
[BlackElo "2361"]
[Annotator "TA"]
[PlyCount "85"]
[EventDate "2024.02.15"]
[EventType "team-tourn"]
[EventCountry "GER"]
[SourceTitle "playchess.com"]
[Source "ChessBase"]
[SourceQuality "1"]
[WhiteTeam "Austria"]
[BlackTeam "Germany"]
[WhiteTeamCountry "AUT"]
[BlackTeamCountry "GER"]
[TimeControl "40/5400+30:1800+30"]

1. e4 c5 2. Nf3 d6 3. d4 cxd4 4. Nxd4 Nf6 5. Nc3 a6 6. h3 e5 7. Nde2 h5 8. Bg5 Be6 9. Bxf6 Qxf6 10. Nd5 Qd8 11. Qd3 g6 12. O-O-O Nd7 13. Nec3 Nc5 14. Qe2 b5 15. a3 Rb8 16. Kb1 Bg7 17. h4 Bd7 18. Qe3 a5 {[%emt 0:00:00] next ...b4 is good for Black.} 19. b4 Ne6 20. Be2 Nd4 21. Qg5 Bc6 22. Qxd8+ Kxd8 23. Bd3 Ra8 24. Kb2 Ra7 25. Ra1 Kd7 ({Black should play} 25... f5 $11) 26. a4 $14 axb4 27. Nxb5 {[%emt 0:01:01] A dynamic duo of knights.} Rb7 {[%emt 0:00:00] [#] Wards off Nb6+} 28. Nxb4 {[%emt 0:09:17] White is more active.} (28. Nxd4 $1 $16 exd4 29. a5) 28... Nxb5 $11 {[%emt 0:00:00] The position is equal.} 29. axb5 Bxb5 30. Bxb5+ Rxb5 31. Ra7+ Ke6 32. c3 Rhb8 33. Kc2 Bf6 34. Kd3 Bd8 35. f3 Bb6 36. Ra2 Bc5 37. Na6 Rc8 {[%emt 0:00:00] Against Nc7+} 38. g4 Kf6 39. gxh5 gxh5 40. Rha1 Rb3 {[%emt 0:02:48] [#] aiming for ...Bd4.} 41. Kc2 Rb5 42. Kd3 {[%emt 0:00:50] Against Bd4} Rb3 {[%emt 0:00:04] Strongly threatening ...Bd4.} 43. Kc2 {[%emt 0:01:45] Weighted Error Value: White=0.07 (flawless) /Black=0.07 (flawless) .  Mistake:       	White=1     	Black=1      Inaccurate:     	---       	Black=1      OK:         	White=22    	Black=12     Best:        	White=1     	Black=1} 1/2-1/2

[Event "Mitropa Cup Women 2024"]
[Site "Apolda"]
[Date "2024.02.16"]
[Round "2.2"]
[White "Schneider, Jana"]
[Black "Hapala, Elisabeth"]
[Result "1-0"]
[ECO "B42"]
[WhiteElo "2331"]
[BlackElo "2001"]
[Annotator "TA"]
[PlyCount "69"]
[EventDate "2024.02.15"]
[EventType "team-tourn"]
[EventCountry "GER"]
[SourceTitle "playchess.com"]
[Source "ChessBase"]
[SourceQuality "1"]
[WhiteTeam "Germany"]
[BlackTeam "Austria"]
[WhiteTeamCountry "GER"]
[BlackTeamCountry "AUT"]
[TimeControl "40/5400+30:1800+30"]

1. e4 c5 2. Nf3 e6 3. d4 cxd4 4. Nxd4 a6 5. Bd3 Bc5 6. Nb3 Ba7 7. O-O Ne7 8. c4 Nbc6 9. Nc3 O-O 10. Kh1 {[%emt 0:00:45] White has an edge.} e5 11. f4 exf4 12. Bxf4 d6 13. Nd5 Ng6 14. Be3 Nce5 15. Bxa7 Rxa7 16. Nd4 Be6 17. b3 Bxd5 18. exd5 Nxd3 19. Qxd3 Ra8 20. Qg3 {[%emt 0:09:26] White is much more active.} Qh4 21. Qc3 Ne5 (21... Qg4 $1 $14) 22. Nf5 $36 {[%emt 0:00:33][%csl LRd6,LRh4][%mdl 2048] White is on the roll.} Qf6 23. Qb4 Rfd8 (23... b5 {was called for.} 24. Nxd6 (24. cxb5 axb5 25. Qxb5 Kh8 $16) 24... Nd3 25. Rxf6 Nxb4) 24. Qxb7 {[%emt 0:00:41] [#] Black must now prevent Ne7+.} Kh8 25. Rae1 Nd3 26. Re3 Nf2+ 27. Kg1 $1 Ng4 (27... Qxf5 28. Rf3 (28. Rxf2 Qb1+ 29. Rf1 Qxa2 $18) 28... Qe5 29. Qxf7 (29. Kxf2 Qd4+ 30. Kg3 Qe5+ 31. Kf2 Qd4+ 32. Kg3 Qe5+ 33. Kh3 Qh5+ 34. Kg3 Qe5+ $11) (29. R1xf2 f6 $16) 29... Qd4) 28. Rg3 g6 29. Rxg4 {[%emt 0:02:53][%cal Of5d6] [#] Strongly threatening Nxd6!} gxf5 30. Rgf4 Rg8 31. Qb6 (31. Rxf5 Rxg2+ 32. Kxg2 Qg6+ 33. Kh1 Rg8 $11) 31... Rae8 32. Qf2 ({And not} 32. Qxa6 Re2 33. g3 (33. Rxf5 $2 {is a self mate.} Rgxg2+ 34. Kh1 Rxh2+ 35. Kg1 Reg2#) (33. R4f2 Rxf2 34. Rxf2 Qa1+ 35. Rf1 Qd4+ 36. Kh1 Qe4 $11) 33... Qc3 $11) 32... Rg5 33. Rxf5 Rxf5 34. Qxf5 Qd4+ 35. Qf2 {[%emt 0:00:17] Weighted Error Value: White=0.18 (very precise) /Black=0.30.  Mistake:       	---       	Black=3      Inaccurate:     	---       	Black=1      OK:         	White=8     	Black=9      Best:        	White=2     	Black=1      Strong:       	White=1     	---} 1-0

[Event "Mitropa Cup Women 2024"]
[Site "Apolda"]
[Date "2024.02.16"]
[Round "2.3"]
[White "Mayrhuber, Nikola"]
[Black "Klek, Hanna Marie"]
[Result "0-1"]
[ECO "E04"]
[WhiteElo "2009"]
[BlackElo "2284"]
[Annotator "NA RC"]
[PlyCount "52"]
[EventDate "2024.02.15"]
[EventType "team-tourn"]
[EventCountry "GER"]
[SourceTitle "playchess.com"]
[Source "ChessBase"]
[SourceQuality "1"]
[WhiteTeam "Austria"]
[BlackTeam "Germany"]
[WhiteTeamCountry "AUT"]
[BlackTeamCountry "GER"]
[TimeControl "40/5400+30:1800+30"]

1. d4 Nf6 2. c4 e6 3. Nf3 d5 4. g3 dxc4 5. Bg2 c6 6. O-O b5 7. Ne5 Bb7 8. b3 cxb3 9. Qxb3 Qxd4 10. Bb2 Qb6 11. Nc3 Be7 12. Bh3 Na6 13. Rad1 Nc5 14. Qc2 O-O 15. Rd4 Rad8 16. Rh4 h6 17. Bg2 Ncd7 18. Ne4 Nxe5 19. Bxe5 Nd7 20. Bd4 c5 21. Nxc5 Nxc5 22. Bxc5 Bxc5 23. Bxb7 Be7 24. Be4 Bxh4 25. gxh4 Rd4 26. e3 Rc4 0-1

[Event "Mitropa Cup Women 2024"]
[Site "Apolda"]
[Date "2024.02.16"]
[Round "2.4"]
[White "Schulze, Lara"]
[Black "Katter, Katharina"]
[Result "1-0"]
[ECO "B51"]
[WhiteElo "2285"]
[BlackElo "1831"]
[Annotator "NA RC"]
[PlyCount "65"]
[EventDate "2024.02.15"]
[EventType "team-tourn"]
[EventCountry "GER"]
[SourceTitle "playchess.com"]
[Source "ChessBase"]
[SourceQuality "1"]
[WhiteTeam "Germany"]
[BlackTeam "Austria"]
[WhiteTeamCountry "GER"]
[BlackTeamCountry "AUT"]
[TimeControl "40/5400+30:1800+30"]

1. e4 c5 2. Nf3 d6 3. Bb5+ Nd7 4. c4 Ngf6 5. O-O g6 6. d3 Bg7 7. h3 O-O 8. Ba4 Ne8 9. Nc3 Nc7 10. Bxd7 Bxd7 11. d4 cxd4 12. Nxd4 Ne6 13. Be3 Rc8 14. b3 a6 15. Rc1 Re8 16. Qd3 Qa5 17. Nxe6 Bxe6 18. Bd2 Qc5 19. Kh1 Bd7 20. Nd5 b5 21. cxb5 Qxb5 22. Qxb5 axb5 23. Nb6 Rxc1 24. Rxc1 Be6 25. Be3 h5 26. Rc7 Bf6 27. a4 Bxb3 28. a5 d5 29. a6 d4 30. Bd2 Be5 31. Rc8 Rxc8 32. Nxc8 Bb8 33. Nxe7+ 1-0

[Event "Mitropa Cup Women 2024"]
[Site "Apolda"]
[Date "2024.02.16"]
[Round "2.5"]
[White "Terbe, Julianna"]
[Black "Novosadova, Kristyna"]
[Result "1-0"]
[ECO "D85"]
[WhiteElo "2315"]
[BlackElo "2188"]
[Annotator "TA"]
[PlyCount "91"]
[EventDate "2024.02.15"]
[EventType "team-tourn"]
[EventCountry "GER"]
[SourceTitle "playchess.com"]
[Source "ChessBase"]
[SourceQuality "1"]
[WhiteTeam "Hungary"]
[BlackTeam "Czech Republic"]
[WhiteTeamCountry "HUN"]
[BlackTeamCountry "CZE"]
[TimeControl "40/5400+30:1800+30"]

1. d4 Nf6 2. c4 g6 3. Nc3 d5 4. cxd5 Nxd5 5. e4 Nxc3 6. bxc3 Bg7 7. Nf3 c5 8. Bb5+ Nc6 9. Rb1 (9. dxc5 Bxc3+ 10. Bd2 Bxa1 11. Qxa1 f6 $15) 9... O-O 10. d5 a6 11. Be2 {[%emt 0:07:32] The position is equal.} Ne5 12. Nxe5 Bxe5 13. O-O Qc7 14. Bh6 Rd8 15. Qd2 Bxh2+ 16. Kh1 {[%emt 0:00:06] Hoping for g3.} Be5 17. c4 Bd7 18. Rb3 {[%emt 0:08:58] [#]} b5 $1 19. f4 bxc4 $2 (19... Bd4 $15 {stays ahead.}) 20. fxe5 $18 cxb3 21. Qf4 Be8 (21... bxa2 22. Qxf7+ Kh8 23. Bg7#) (21... f6 $2 22. d6 Be6 23. dxc7 $18) (21... Rf8) 22. d6 (22. Bc4 $142 {White threatens d6 and mate.} Kh8 23. axb3) 22... Rxd6 (22... exd6 23. Qf6 dxe5 24. Qg7#) 23. exd6 Qxd6 {[%emt 0:00:05] [#]} 24. Qf3 (24. axb3 Qxf4 25. Bxf4 (25. Rxf4 Bb5 $16) 25... Bb5) (24. e5 $1 $18 {[%cal Re5d6] is the precise move to win.} Qd4 25. axb3 Qxf4 26. Rxf4) 24... bxa2 (24... b2 $142) 25. Bc4 $1 $16 {[%emt 0:02:46][%csl LRa2,LRf7][%cal Rc4f7] Dancing on a razor blade. A strong pair of Bishops.} a1=Q 26. Rxa1 $40 {[%emt 0:09:03][%cal Bf1a1,Ba1a6,Ba6g6][%mdl 160] White goes for the king.} (26. Bxf7+ Bxf7 27. Qxf7+ (27. Rxa1 $2 {is the wrong capture.} a5 $19) 27... Kh8 28. Rxa1 Qf6 29. Qxf6+ exf6) 26... Qf6 27. Qxf6 exf6 28. Bd5 {[%emt 0:00:36] Prevents Bc6. White has more active pieces.} ({Don't do} 28. Rxa6 Rxa6 29. Bxa6 Bc6) 28... Rd8 (28... Ra7 $16 29. Rf1 Rc7 30. Rxf6 c4 31. Rxa6 Rc8) 29. Rxa6 f5 30. Bg5 Rb8 31. e5 Rb1+ $2 (31... Bd7 32. Rd6 Be8) 32. Kh2 {[%emt 0:00:05] Threatens to win with Ra8.} h6 33. Rxg6+ Kf8 34. Rxh6 Kg7 35. Rh3 {[%emt 0:01:43] Intending Bf6+ and mate.} Re1 36. Bf6+ Kg6 37. Rg3+ Kh6 38. Bf3 (38. Rg8 $142 f4 39. Rxe8 Rxe5 40. Bxe5 f6 41. Bxf4+ Kh7 42. Rg8 c4 43. Bxc4) 38... f4 39. Rg8 Bd7 40. Rh8+ Kg6 41. Bh5+ Kf5 42. Bxf7 {[%emt 0:00:28] Rh5+ is the strong threat.} f3 43. gxf3 {[%emt 0:00:00] Threatening mate with Kg3.} Kf4 44. Rh4+ Kxf3 45. Bd5+ Ke2 46. Re4+ {[%emt 0:00:00] Weighted Error Value: White=0.43/Black=0.55.  Loses game:     	---       	Black=1      Mistake:       	White=2     	Black=5      Inaccurate:     	White=1     	Black=2      OK:         	White=8     	Black=8      Best:        	White=4     	Black=3      Brilliant:      	---       	Black=1} 1-0

[Event "Mitropa Cup Women 2024"]
[Site "Apolda"]
[Date "2024.02.16"]
[Round "2.6"]
[White "Koubova, Anna Marie"]
[Black "Terbe, Zsuzsanna"]
[Result "1-0"]
[ECO "B31"]
[WhiteElo "2100"]
[BlackElo "2170"]
[Annotator "NA RC"]
[PlyCount "93"]
[EventDate "2024.02.15"]
[EventType "team-tourn"]
[EventCountry "GER"]
[SourceTitle "playchess.com"]
[Source "ChessBase"]
[SourceQuality "1"]
[WhiteTeam "Czech Republic"]
[BlackTeam "Hungary"]
[WhiteTeamCountry "CZE"]
[BlackTeamCountry "HUN"]
[TimeControl "40/5400+30:1800+30"]

1. e4 c5 2. Nf3 Nc6 3. Bb5 g6 4. O-O Bg7 5. c3 Nf6 6. Qa4 O-O 7. d4 d6 8. e5 Nd7 9. Bxc6 Nb6 10. Qa5 bxc6 11. dxc5 dxc5 12. Qxc5 Qc7 13. Bg5 Re8 14. Re1 Rb8 15. b3 Nd5 16. Nbd2 h6 17. Bh4 Nf4 18. Nd4 Rb6 19. Bg3 Ne6 20. Nxe6 Bxe6 21. c4 Rd8 22. Nf3 Qd7 23. Re2 Qe8 24. Nd4 Rb7 25. Qxc6 Qxc6 26. Nxc6 Rd3 27. f3 Kf8 28. Be1 f6 29. Rc1 Bf5 30. Nb4 Rd8 31. c5 fxe5 32. c6 Rc7 33. Bg3 a5 34. Na6 Ra7 35. Nc5 Rd5 36. Nb7 Bc8 37. Bf2 Ra8 38. Rc5 Be6 39. Rxd5 Bxd5 40. Rc2 Ra6 41. Nd8 Ra8 42. c7 Rc8 43. Bb6 e4 44. Nc6 Bxc6 45. Rxc6 exf3 46. gxf3 Ke8 47. Rxg6 1-0

[Event "Mitropa Cup Women 2024"]
[Site "Apolda"]
[Date "2024.02.16"]
[Round "2.7"]
[White "Ivan-Gal, Hanna Krisztina"]
[Black "Lhotska, Anna"]
[Result "0-1"]
[ECO "B51"]
[WhiteElo "2191"]
[BlackElo "2053"]
[Annotator "NA RC"]
[PlyCount "86"]
[EventDate "2024.02.15"]
[EventType "team-tourn"]
[EventCountry "GER"]
[SourceTitle "playchess.com"]
[Source "ChessBase"]
[SourceQuality "1"]
[WhiteTeam "Hungary"]
[BlackTeam "Czech Republic"]
[WhiteTeamCountry "HUN"]
[BlackTeamCountry "CZE"]
[TimeControl "40/5400+30:1800+30"]

1. e4 c5 2. Nf3 d6 3. Bb5+ Nd7 4. d4 cxd4 5. Qxd4 a6 6. Bxd7+ Bxd7 7. c4 Rc8 8. Nc3 e5 9. Qd3 Qc7 10. Nd2 Be6 11. b3 b5 12. Nd5 Qc6 13. O-O Ne7 14. Rd1 Bxd5 15. exd5 Qd7 16. a4 Ng6 17. Ne4 bxc4 18. bxc4 Be7 19. c5 O-O 20. c6 Qg4 21. f3 Qh4 22. Ng3 Bd8 23. a5 Nf4 24. Qxa6 Bf6 25. Ne4 Be7 26. Be3 f5 27. Bf2 Qh6 28. Ng3 Qg6 29. Qb7 Bf6 30. Rab1 h5 31. a6 h4 32. a7 hxg3 33. hxg3 Ne2+ 34. Kf1 Nxg3+ 35. Bxg3 Qxg3 36. Qxc8 Rxc8 37. Rb8 Bh4 38. Rxc8+ Kf7 39. Rc7+ Kg6 40. Kg1 Qf2+ 41. Kh1 Bg5 42. g3 Qxg3 43. Rf1 Qh3+ 0-1

[Event "Mitropa Cup Women 2024"]
[Site "Apolda"]
[Date "2024.02.16"]
[Round "2.8"]
[White "Fizerova, Lucie"]
[Black "Karacsonyi, Kata"]
[Result "0-1"]
[ECO "B52"]
[WhiteElo "1794"]
[BlackElo "2087"]
[Annotator "NA RC"]
[PlyCount "154"]
[EventDate "2024.02.15"]
[EventType "team-tourn"]
[EventCountry "GER"]
[SourceTitle "playchess.com"]
[Source "ChessBase"]
[SourceQuality "1"]
[WhiteTeam "Czech Republic"]
[BlackTeam "Hungary"]
[WhiteTeamCountry "CZE"]
[BlackTeamCountry "HUN"]
[TimeControl "40/5400+30:1800+30"]

1. e4 c5 2. Nf3 d6 3. Bb5+ Bd7 4. Bxd7+ Qxd7 5. c4 Nc6 6. Nc3 g6 7. d4 cxd4 8. Nxd4 Bg7 9. Be3 Nf6 10. f3 O-O 11. O-O Rac8 12. b3 a6 13. a4 Qc7 14. Rc1 Qa5 15. Re1 Rfe8 16. Nde2 h5 17. Qd2 Nd7 18. Nd5 Qxd2 19. Bxd2 e6 20. Ndf4 Nc5 21. Rb1 Rb8 22. Be3 b5 23. axb5 axb5 24. Red1 Be5 25. b4 Na6 26. Nd3 bxc4 27. Nxe5 Nxe5 28. b5 Nc5 29. Rxd6 Rec8 30. Nc3 Nb7 31. Ra6 Nd3 32. Ba7 Ra8 33. Be3 Nbc5 34. Rxa8 Rxa8 35. b6 Nb7 36. Nb5 Ra2 37. Bg5 Kg7 38. Be7 Nf4 39. g3 Ne2+ 40. Kf1 c3 41. Bg5 c2 42. Re1 Nxg3+ 43. hxg3 Ra5 44. Nd4 Rxg5 45. Kg2 Rc5 46. Rc1 e5 47. Nxc2 Rc6 48. Kf1 Kf6 49. Ke2 Na5 50. Kd1 Rxb6 51. Ne3 Rb3 52. Nd5+ Kg7 53. Rc3 Rxc3 54. Nxc3 Nc6 55. Kd2 g5 56. Ke3 Kg6 57. Ne2 h4 58. gxh4 gxh4 59. f4 Kh5 60. fxe5 Kg4 61. Nf4 Nxe5 62. Ne2 h3 63. Kf2 Nd3+ 64. Kg1 Kf3 65. Nc3 Kg3 66. Ne2+ Kf3 67. Nc3 Nf2 68. Kh2 Nxe4 69. Nd5 Ng5 70. Nf6 Kf4 71. Nd5+ Ke5 72. Ne3 f5 73. Nc4+ Kd4 74. Nd2 f4 75. Nf1 Kd3 76. Kg1 Ke2 77. Nh2 Nf3+ 0-1

[Event "Mitropa Cup Women 2024"]
[Site "Apolda"]
[Date "2024.02.16"]
[Round "2.9"]
[White "Brunello, Marina"]
[Black "Urh, Zala"]
[Result "1-0"]
[ECO "B36"]
[WhiteElo "2345"]
[BlackElo "2290"]
[Annotator "TA"]
[PlyCount "75"]
[EventDate "2024.02.15"]
[EventType "team-tourn"]
[EventCountry "GER"]
[SourceTitle "playchess.com"]
[Source "ChessBase"]
[SourceQuality "1"]
[WhiteTeam "Italy"]
[BlackTeam "Slovenia"]
[WhiteTeamCountry "ITA"]
[BlackTeamCountry "SLO"]
[TimeControl "40/5400+30:1800+30"]

1. e4 c5 2. Nf3 Nc6 3. d4 cxd4 4. Nxd4 g6 5. c4 Nf6 6. Nc3 Nxd4 7. Qxd4 d6 8. Be3 Bg7 9. f3 O-O 10. Qd2 Be6 11. Nb5 a6 12. Nd4 Bd7 {[%emt 0:00:05] White is slightly better.} 13. Be2 b5 14. cxb5 d5 (14... axb5 $11 15. O-O Qb8) 15. e5 $16 (15. bxa6 dxe4 16. Nb3 exf3 17. gxf3 e6 $11) 15... Ne8 16. f4 {[%emt 0:00:30] White has more active pieces. The black rooks are passive.} axb5 17. Nxb5 Bxb5 18. Bxb5 {[%emt 0:00:24] Black must now prevent Bc6.} Nc7 {[%emt 0:00:03] White leaves nothing to chance now.} (18... d4 $14 19. Bxd4 Qd5 20. Bxe8 (20. a4 Nc7 $11) 20... Rfxe8) 19. Bc6 $36 {[%emt 0:04:44][%mdl 2048] Black is under strong pressure.} Ra6 20. Rc1 Qb8 {[%emt 0:08:42] [#] Black is weak on the dark squares} (20... Rxa2 $16 21. Bb6 Bh6) 21. b4 $1 $18 (21. Bxd5 $2 Rd8 22. Rc5 e6 $19) 21... Rd8 22. O-O d4 {[%emt 0:08:05] [#]} 23. Bf2 (23. Bxd4 $2 Ne6 24. Qd3 (24. Qe2 $2 Rxc6 25. Be3 Rxc1 $19) 24... Rb6 $19 (24... Rxd4 $2 25. Qxa6 Qxb4 26. Kh1 $18)) 23... f6 $2 (23... g5 24. f5 (24. fxg5 d3 $18) 24... Bxe5) 24. a4 (24. Bxd4 fxe5 25. fxe5 Ne6 $11 (25... Bxe5 26. Rf8+ Rxf8 27. Bxe5 $11)) 24... fxe5 25. fxe5 Bxe5 26. b5 (26. Qa2+ Kg7 $14) 26... Rxa4 27. b6 Ra3 $2 (27... Ra6 28. bxc7 Bxc7) 28. Qb4 Nb5 29. Bxb5 {[%emt 0:01:24] This pair of bishops is nice.} Bxh2+ 30. Kh1 Bd6 31. Qc4+ (31. Bxd4 $142 Be5 32. Bc4+ (32. Qxa3 e6 33. Bxe5 Qxe5 34. Qe7 Qd6 35. Qf7+ Kh8 36. Rc7 Qxc7 37. bxc7 Rc8 38. Be8 h5 39. Qf8+ Kh7 40. Rf7#) (32. Qxe7 Rxd4 33. b7 Rh4+ 34. Qxh4 Qd6 35. Qc4+ Kh8 36. Rf7 Bg7) 32... Kh8 33. Qxe7 (33. Qxa3 Bxd4 34. Rf7 Qe5 $18) (33. Bxe5+ Qxe5 34. Qxa3 Qe4 $18) 33... Bxd4 34. Rf7 (34. Qxa3 Bg7 $18) 34... Bg7 35. Rxg7 (35. Qxa3 Qe5 $18) 35... Rd1+ 36. Rxd1) 31... Kh8 32. Bxd4+ e5 33. Bf2 (33. Qe6 $142 Bf8 34. Rxf8+ (34. Qxe5+ Qxe5 35. Rxf8+ Kg7 $18) 34... Rxf8 35. Bxe5+ Qxe5 36. Qxe5+ Kg8 37. Rc7 (37. Bc4+ Rf7 38. b7 Rb3 39. Bxb3 h6 40. b8=Q+ Kh7 41. Qeh8#) 37... Rh3+ 38. gxh3 Rf7 39. Rc8+ Rf8 40. Bc4#) 33... Qb7 34. Bc6 Qg7 35. Be4 {[%emt 0:00:32] Strongly threatening b7.} Qh6+ 36. Kg1 Qg5 37. Rcd1 {[%emt 0:01:55][%cal Od1d6] Hoping for Rxd6!} h5 38. b7 {[%emt 0:00:23] Weighted Error Value: White=0.14 (very precise) /Black=1.06.  Mistake:       	---       	Black=5      Inaccurate:     	White=1     	Black=1      OK:         	White=11    	Black=7      Best:        	White=2     	Black=1} 1-0

[Event "Mitropa Cup Women 2024"]
[Site "Apolda"]
[Date "2024.02.16"]
[Round "2.10"]
[White "Shpanko, Nadiia"]
[Black "Zimina, Olga"]
[Result "1/2-1/2"]
[ECO "A11"]
[WhiteElo "2179"]
[BlackElo "2291"]
[Annotator "NA RC"]
[PlyCount "60"]
[EventDate "2024.02.15"]
[EventType "team-tourn"]
[EventCountry "GER"]
[SourceTitle "playchess.com"]
[Source "ChessBase"]
[SourceQuality "1"]
[WhiteTeam "Slovenia"]
[BlackTeam "Italy"]
[WhiteTeamCountry "SLO"]
[BlackTeamCountry "ITA"]
[TimeControl "40/5400+30:1800+30"]

1. c4 c6 2. Nf3 d5 3. e3 Nf6 4. Nc3 a6 5. Be2 Bg4 6. Qb3 Ra7 7. h3 Bxf3 8. Bxf3 e6 9. O-O Nbd7 10. d4 Bd6 11. cxd5 exd5 12. e4 dxe4 13. Nxe4 Nxe4 14. Bxe4 Nf6 15. Bf3 O-O 16. Bg5 h6 17. Bd2 Qd7 18. Rad1 Raa8 19. Ba5 Nd5 20. Bxd5 cxd5 21. Bb4 Bxb4 22. Qxb4 Qb5 23. Qd2 Rfe8 24. Rfe1 Rxe1+ 25. Rxe1 Re8 26. b3 Rxe1+ 27. Qxe1 Qc6 28. Qe3 b5 29. b4 Kf8 30. a3 Kg8 1/2-1/2